 Dungeon Sprint DCSS version 0.28-a0-206-gc2c9e32840 (webtiles) character file.

Game seed: 15098484886191480153

318 MikeHunt the Grappler (level 6, -6/57 HPs)
             Began as a Ghoul Fighter on Aug 20, 2021.
             Was an Initiate of Cheibriados.
             Mangled by a two-headed ogre (11 damage)
             ... in the Dungeon (Sprint IX: "|||||||||||||||||||||||||||||").
             The game lasted 00:02:14 (347 turns).

MikeHunt the Grappler (Ghoul Fighter)                Turns: 347, Time: 00:02:14

Health: -6/57      AC:  9    Str: 24    XL:     6   Next: 45%
Magic:  1/8        EV: 10    Int:  4    God:    Cheibriados [......]
Gold:   0          SH:  0    Dex: 11    Spells: 5/5 levels left

rFire   . . .      SeeInvis .     - Unarmed
rCold   + . .      Faith    .   (no shield)
rNeg    + + +      Spirit   .   m - +1 scale mail
rPois   ∞          Reflect  .   (no helmet)
rElec   .          Harm     .   (no cloak)
rCorr   .          Rampage  .   k - +0 pair of gloves
Will    .....      NoTele   +   l - +0 pair of boots
Stlth   ..........              (no amulet)
HPRegen 0.00/turn               a - +3 ring of strength
MPRegen 0.11/turn               n - +2 ring of protection

@: mighty, corroded, inhibited regen, very slow
A: claws 1, cold resistance 1, negative energy resistance 3, inhibited
regeneration, torment resistance 2
a: Renounce Religion, Bend Time


You were in the Dungeon.
You worshipped Cheibriados.
Cheibriados was noncommittal.
You visited 1 branch

Inventory:

Armour
 b - a +0 kite shield
 k - a +0 pair of gloves (worn)
 l - a +0 pair of boots (worn)
 m - a +1 scale mail (worn)
Jewellery
 a - a +3 ring of strength (left hand)
 n - a +2 ring of protection (right hand)
Wands
 j - a wand of acid (10)
Scrolls
 h - 2 scrolls of blinking
Potions
 d - 4 potions of curing
 f - a potion of haste
 g - 4 potions of magic
 i - a potion of invisibility


   Skills:
 + Level 6.1 Fighting
 + Level 7.8 Armour
 - Level 2.6 Shields
 + Level 9.0 Unarmed Combat
 - Level 5.0 Invocations


You had 5 spell levels left.
You didn't know any spells.
Your spell library was empty.

Dungeon Overview and Level Annotations

Branches:
Dungeon (1/1)

Altars:
Cheibriados
Dithmenos
Elyvilon
Fedhas
Gozag
Hepliaklqana
Kikubaaqudgha
Makhleb
Nemelex Xobeh
Okawaru
Qazlal
Ru
Sif Muna
Trog
Uskayaw
Vehumet
Wu Jian
Xom
Yredelemnul
Zin
The Shining One
Beogh
Jiyva
Lugonu


Innate Abilities, Weirdness & Mutations

You thrive by killing the living.
You are immune to poison.
You have sharp fingernails.
Your flesh is cold resistant. (rC+)
You are immune to negative energy. (rN+++)
You do not regenerate when monsters are visible.
You are immune to unholy pain and torment.


Message History

You feel better.
The acid dragon scales are intact enough to wear.
Training target 5.0 for Invocations reached!
Your Fighting skill increases to level 6!
Your Unarmed Combat skill increases to level 9!
Your Invocations skill gained 2 levels and is now at level 5!
You have reached level 6!
Your experience leads to an increase in your attributes!
Your base attributes are Str 20, Int 3, Dex 9.
Increase (S)trength, (I)ntelligence, or (D)exterity?
You feel agile. The flow of time bends around you.
Cheibriados rebukes the two-headed ogre.
The two-headed ogre seems to slow down.
The two-headed ogre closely misses you.
The two-headed ogre hits you with a +0 giant spiked club!
* * * LOW HITPOINT WARNING * * *
You feel much better.
You hit the two-headed ogre.
The two-headed ogre is lightly wounded.
The two-headed ogre barely misses you. x2
You punch the two-headed ogre!
The two-headed ogre is moderately wounded.
You hit the two-headed ogre.
The two-headed ogre is moderately wounded.
The two-headed ogre barely misses you.
The two-headed ogre hits you with a +0 giant spiked club.
You hit the two-headed ogre.
The two-headed ogre is heavily wounded.
You punch the two-headed ogre!
The two-headed ogre is severely wounded.
The two-headed ogre closely misses you.
The two-headed ogre hits you with a +0 giant spiked club!
* * * LOW HITPOINT WARNING * * *
You feel better.
You feel very mighty all of a sudden.
The two-headed ogre is no longer moving slowly.
The two-headed ogre hits you with a +0 giant spiked club!
* * * LOW HITPOINT WARNING * * *
The two-headed ogre hits you with a +0 giant spiked club!
You die...

▓.▓
▓.▓
▓.▓
▓Z▓
▓Z▓
▓K▓
▓O▓
▓@▓
▓.▓
▓[▓
▓.▓
▓.▓
▓.▓
▓)▓
▓?▓
▓.▓


You could see a two-headed ogre, a kobold brigand, a bat zombie and a giant
cockroach zombie.

Vanquished Creatures
  2 acid dragons (D)
  A scorpion (D)
  A hound (D)
  A gnoll (D)
  An orc (D)
  A bat (D)
  A bat skeleton (D)
  A giant cockroach (D)
  A goblin (D)
  A hobgoblin (D)
  A quokka (D)
12 creatures vanquished.

Notes
Turn   | Place    | Note
-------+----------+-------------------------------------------
     0 | D        | MikeHunt the Ghoul Fighter began the quest for the Orb.
     0 | D        | Reached XP level 1. HP: 19/19 MP: 0/0
    14 | D        | Reached skill level 3 in Unarmed Combat
    20 | D        | Reached XP level 2. HP: 22/26 MP: 1/1
    63 | D        | Noticed a scorpion
    68 | D        | Reached skill level 4 in Unarmed Combat
    76 | D        | Reached skill level 5 in Armour
    76 | D        | Reached skill level 5 in Unarmed Combat
    76 | D        | Reached XP level 3. HP: 25/31 MP: 2/2
    85 | D        | Killed a scorpion
    86 | D        | Reached skill level 7 in Unarmed Combat
    86 | D        | Reached XP level 4. HP: 20/38 MP: 3/3
   250 | D        | Found a snail-covered altar of Cheibriados.
   250 | D        | Found a shadowy altar of Dithmenos.
   250 | D        | Found a blossoming altar of Fedhas.
   250 | D        | Found an opulent altar of Gozag.
   251 | D        | Found a hazy altar of Hepliaklqana.
   252 | D        | Found a viscous altar of Jiyva.
   253 | D        | Found an ancient bone altar of Kikubaaqudgha.
   254 | D        | Became a worshipper of Cheibriados the Contemplative
   255 | D        | Found a corrupted altar of Lugonu.
   256 | D        | Found a burning altar of Makhleb.
   257 | D        | Found a sparkling altar of Nemelex Xobeh.
   258 | D        | Found an iron altar of Okawaru.
   259 | D        | Found a stormy altar of Qazlal.
   260 | D        | Found a sacrificial altar of Ru.
   261 | D        | Found a shimmering blue altar of Sif Muna.
   262 | D        | Found a bloodstained altar of Trog.
   263 | D        | Found a hide-covered altar of Uskayaw.
   264 | D        | Found a radiant altar of Vehumet.
   265 | D        | Found an ornate altar of the Wu Jian Council.
   266 | D        | Found a shimmering altar of Xom.
   267 | D        | Found a basalt altar of Yredelemnul.
   319 | D        | Noticed a kobold brigand
   319 | D        | Noticed a two-headed ogre
   319 | D        | Noticed an acid dragon
   319 | D        | Noticed an acid dragon
   331 | D        | Killed an acid dragon
   332 | D        | Reached skill level 5 in Fighting
   332 | D        | Reached skill level 8 in Unarmed Combat
   332 | D        | Reached XP level 5. HP: 17/48 MP: 3/6
   338 | D        | Killed an acid dragon
   339 | D        | Reached skill level 9 in Unarmed Combat
   339 | D        | Reached skill level 5 in Invocations
   339 | D        | Reached XP level 6. HP: 21/57 MP: 3/8
   347 | D        | Mangled by a two-headed ogre

Illustrated notes

Levels and vault maps discovered:
D:        linesprint [early_d, line_temple, items_1, d_10, items_2, lair_1,
          lair_end, items_3, orc_1, orc_end, items_4, d_15, swamp_1, shoals_1,
          snake_1, spider_1, d_20, vaults_1, items_5, swamp_end, shoals_end,
          snake_end, spider_end, vaults_end, d_27, items_6, zot_1, zot_end,
          crypt_end, forest_end, elf_end, slime_end, tomb_end, abyss_end,
          pan_hell_end]

Skill      XL: |  1  2  3  4  5 |
---------------+----------------+-----
Armour         | 3 5 6 7 |  7.8
Unarmed Combat | 3 5 7 8 9 |  9.0
Fighting       | 5 6 |  6.1
Invocations    | 3 5 |  5.0
Shields        | |  2.6

Action                   |  1- 3 |  4- 6 || total
-------------------------+-------+-------++-------
Melee: Unarmed           |    33 |    28 ||    61
Invok: Bend Time         |       |     1 ||     1
  Use: Potion            |       |     5 ||     5
Armor: Scale mail        |    17 |    12 ||    29
Dodge: Dodged            |    10 |    18 ||    28

Table legend: (Time is in decaauts)
 A = Elapsed time spent in this place.
 B = Non-inter-level travel time spent in this place.
 C = Inter-level travel time spent in this place.
 D = Time resting spent in this place.
 E = Time spent auto-exploring this place.
 F = Levels seen in this place.
 G = Mean time per level.
                   A        B        C        D        E       F      G
               +--------+--------+--------+--------+--------+-----+--------+
         Total |    349 |    349 |      0 |    183 |      0 |   1 |  349.0 |
       Dungeon |    349 |    349 |      0 |    183 |      0 |   1 |  349.0 |
               +--------+--------+--------+--------+--------+-----+--------+

Top non-repeatable levels by time:
       D: 349 daAuts
